 Dungeon Crawl Stone Soup version 0.27.1-2-g3b301248ec (webtiles) character file.

Game seed: 598850155353541134

681 MisterFreud the Nimble (level 7, 0/33 HPs)
             Began as a Felid Berserker on Sept 24, 2021.
             Was an Elder of Trog.
             Slain by an orc priest (4 damage)
             ... on level 6 of the Dungeon.
             The game lasted 00:07:18 (6537 turns).

MisterFreud the Nimble (Felid Berserker)            Turns: 6537, Time: 00:07:20

Health: 0/33       AC:  2    Str: 13    XL:     7   Next: 34%
Magic:  8/8        EV: 24    Int:  8    God:    Trog [****..]
Gold:   244        SH:  0    Dex: 18    Spells: 6/6 levels left
                                        Lives:  0   Deaths: 2

rFire    . . .     SeeInvis +     - Unarmed
rCold    . . .     Faith    +   (shield unavailable)
rNeg     . . .     Spirit   .   (armour unavailable)
rPois    +         Reflect  .   (helmet unavailable)
rElec    .         Harm     .   (cloak unavailable)
rCorr    .         Rampage  .   (gloves unavailable)
Will     +....                  (boots unavailable)
Stlth    ++++......             i - amulet of faith
HPRegen  0.11/turn              a - ring of poison resistance
MPRegen  0.11/turn              (no ring)

@: on berserk cooldown, slowed, slow
A: very small, claws 1, fangs 3, see invisible, speed 1, shaggy fur 2, stealthy
paws, no weapons or thrown items, no armour, multi-lived
a: Renounce Religion, Berserk, Trog's Hand, Brothers in Arms


You were on level 6 of the Dungeon.
You worshipped Trog.
Trog was greatly pleased with you.
You visited 1 branch of the dungeon, and saw 6 of its levels.

You collected 393 gold pieces.
You spent 149 gold pieces at shops.

Inventory:

Jewellery
 a - a ring of poison resistance (left paw)
 i - an amulet of faith (around neck)
Wands
 q - a wand of flame (17)
 s - a wand of iceblast (13)
 x - a wand of polymorph (16)
Scrolls
 d - 3 scrolls of teleportation
 e - 4 scrolls of amnesia {unknown}
 g - 3 scrolls of identify {unknown}
 k - a scroll of acquirement {unknown}
 l - a scroll of enchant armour {unknown}
 n - a scroll of torment {unknown}
 o - a scroll of holy word {unknown}
 t - a scroll of vulnerability {unknown}
 u - 2 scrolls of noise {unknown}
 v - 4 scrolls of brand weapon {unknown}
Potions
 b - a potion of brilliance {unknown}
 c - a potion of haste {unknown}
 f - 3 potions of curing
 h - 3 potions of mutation {unknown}
 j - a potion of lignification {unknown}
 m - 2 potions of cancellation {unknown}
 p - a potion of attraction {unknown}
 r - a potion of berserk rage {unknown}
 w - a potion of heal wounds {unknown}


   Skills:
 + Level 4.3 Fighting
 - Level 10.0 Dodging
 + Level 7.5 Stealth
 + Level 6.8 Unarmed Combat
 + Level 3.2 Evocations


You had 6 spell levels left.
You didn't know any spells.
Your spell library was empty.

Dungeon Overview and Level Annotations

Branches:
Dungeon (6/15)             Temple (0/1) D:5

Altars:
Ashenzari
Kikubaaqudgha
Ru
Zin

Shops:
D:4 *


Innate Abilities, Weirdness & Mutations

You have sharp claws.
You have razor-sharp teeth.
You have supernaturally acute eyesight. (SInv)
You cover ground quickly. (Speed+)
You are covered in thick fur. (AC +2)
Your paws help you pounce on unaware monsters.
You are incapable of wielding weapons or throwing items.
You cannot wear armour.
You gain extra lives every three experience levels.


Message History

The orc hits you with a +0 trident.
You closely miss the gnoll shaman. Your bite misses the gnoll shaman.
The gnoll closely misses you.
You barely miss the gnoll shaman. You bite the gnoll shaman!
The gnoll shaman is severely wounded.
The gnoll misses you. The orc completely misses you.
You claw the gnoll shaman!
You kill the gnoll shaman!
Trog accepts your kill. The gnoll completely misses you. x2
You claw the orc!
You kill the orc!
Trog accepts your kill. The gnoll completely misses you.
You claw the gnoll!
The gnoll is almost dead.
The gnoll hits you from afar with a +0 spear.
The gnoll barely misses you.
You claw the gnoll!
You kill the gnoll!
Trog accepts your kill. The gnoll closely misses you.
You claw the orc!
You kill the orc!
Trog accepts your kill.
You are no longer berserk.
You are exhausted.
You feel yourself slow down.
The gnoll hits you from afar with a +0 spear.
You fail to use your ability.
The gnoll closely misses you.
The orc priest looks encouraged for a moment.
The gnoll barely misses you. The gnoll completely misses you.
Unknown command.
You fail to use your ability.
The orc misses you.
The gnoll hits you from afar with a +0 spear.
The orc priest hits you with a +0 club.
* * * LOW HITPOINT WARNING * * *
The gnoll closely misses you. The orc closely misses you.
The gnoll completely misses you. The orc priest hits you with a +0 club.
You die...

#......# #......##
#........ #.......#
#o......≈ #ggg..♣≈≈♣P
##ooo.≈♣≈≈≈P≈ #)@#
≈≈≈♣≈P≈ #:###♣♣≈≈P≈♣≈≈
#..#≈≈≈≈♣≈≈≈P≈
##.§.♣♣≈P≈P≈≈≈≈≈≈
####≈.§.♣≈≈≈≈≈≈≈≈≈≈≈≈≈≈
§§§§≈≈≈..(.♣P♣≈P≈≈≈≈≈≈≈≈≈
..§.........♣P≈≈≈♣≈≈≈≈≈≈≈
........####.♣≈P≈P♣≈P♣≈≈≈
.<......###..♣≈P≈♣P≈≈≈P≈≈


You could see 2 orc priests, 3 gnolls and 2 orcs.

Vanquished Creatures
  Sigmund (D:2)
  Duvessa (D:5)
  2 water moccasins
  An orc warrior (D:6)
  A necrophage (D:5)
  4 ogres
  A centaur (D:5)
  A phantom (D:4)
  A scorpion (D:5)
  Dowan (D:5)
  2 howler monkeys (D:5)
  2 hounds (D:5)
  A jelly (D:5)
  2 orc priests
  A bullfrog skeleton (D:6)
  A gnoll shaman (D:6)
  2 iguanas (D:5)
  2 orc wizards (D:4)
  2 killer bee zombies
  A hound zombie (D:5)
  A hound skeleton (D:4)
  Robin (D:3)
  6 gnolls
  6 adders
  A shadow imp (D:5)
  3 dart slugs
  2 worms
  9 orcs
  7 ball pythons
  3 endoplasms
  5 giant cockroaches
  15 goblins
  13 hobgoblins
  7 jackals
  6 kobolds
  3 quokkas
  3 bats
  5 frilled lizards
  6 rats
132 creatures vanquished.

Vanquished Creatures (others)
  A plant (D:6)
1 creature vanquished.

Grand Total: 133 creatures vanquished

Notes
Turn   | Place    | Note
-------+----------+-------------------------------------------
     0 | D:1      | MisterFreud the Felid Berserker began the quest for the
                  | Orb.
     0 | D:1      | Reached XP level 1. HP: 10/10 MP: 2/2
    68 | D:1      | Reached skill level 1 in Stealth
   100 | D:1      | Reached XP level 2. HP: 14/14 MP: 3/3
  1459 | D:2      | Found a faded altar of an unknown god.
  1560 | D:2      | Reached XP level 3. HP: 17/17 MP: 4/4
  1600 | D:2      | Reached XP level 4. HP: 18/21 MP: 5/5
  1965 | D:2      | Noticed Sigmund
  1973 | D:2      | Killed Sigmund
  1974 | D:2      | Reached skill level 5 in Stealth
  1974 | D:2      | Reached skill level 5 in Unarmed Combat
  1974 | D:2      | Reached XP level 5. HP: 14/24 MP: 6/6
  2453 | D:3      | Reached ** piety under Trog
  2480 | D:3      | Found a broken altar of Ashenzari.
  2566 | D:3      | Noticed Robin
  2639 | D:3      | HP: 1/24 [goblin[Robin] (3)]
  2652 | D:3      | Killed Robin
  2812 | D:3      | Gained mutation: You are covered in thick fur. (AC +2)
                  | [Felid growth]
  2812 | D:3      | Reached XP level 6. HP: 28/28 MP: 7/7
  3551 | D:4      | Noticed a water moccasin
  3818 | D:4      | Reached *** piety under Trog
  4100 | D:4      | Found Omunoin's Assorted Antiques.
  4254 | D:4      | Reached skill level 5 in Dodging
  4254 | D:4      | Reached XP level 7. HP: 31/31 MP: 8/8
  4345 | D:4      | Bought 2 bubbling ruby potions for 57 gold pieces
  4345 | D:4      | Bought a scroll labelled HUAVVU KISCHUAPH for 32 gold
                  | pieces
  4345 | D:4      | Bought a scroll labelled RIXABB APRUMYILLU for 32 gold
                  | pieces
  4345 | D:4      | Bought an orange potion for 28 gold pieces
  4363 | D:4      | Reached skill level 6 in Dodging
  4657 | D:4      | Reached skill level 7 in Dodging
  4672 | D:4      | Found a sacrificial altar of Ru.
  4892 | D:4      | Found a glowing silver altar of Zin.
  4893 | D:4      | Noticed an angel
  5021 | D:5      | Entered Level 5 of the Dungeon
  5129 | D:5      | Found a staircase to the Ecumenical Temple.
  5159 | D:5      | Reached skill level 8 in Dodging
  5245 | D:5      | Reached skill level 9 in Dodging
  5430 | D:5      | Found an ancient bone altar of Kikubaaqudgha.
  5612 | D:5      | Reached XP level 8. HP: 34/34 MP: 9/9
  5898 | D:5      | Reached skill level 10 in Dodging
  5958 | D:5      | Reached skill level 1 in Evocations
  6046 | D:5      | Reached **** piety under Trog
  6191 | D:5      | Noticed Duvessa
  6191 | D:5      | Noticed Dowan
  6212 | D:5      | Killed Duvessa
  6222 | D:5      | Killed from afar by Dowan
  6223 | D:5      | Reached XP level 7. HP: -1/31 MP: 8/8
  6281 | D:5      | Killed Dowan
  6499 | D:6      | Killed from afar by an orc priest
  6500 | D:6      | Reached XP level 6. HP: -3/28 MP: 7/7
  6504 | D:6      | Reached XP level 7. HP: 32/32 MP: 8/8
  6537 | D:6      | Slain by an orc priest

Illustrated notes

Levels and vault maps discovered:
D:1:      minmay_arrival_nine_rooms, layout_basic, lemuel_old_faithful
D:2:      layout_basic, dreamdust_ecumenical_altar_angels_and_demons,
          feat_on_display, uniq_sigmund
D:3:      layout_loops_ring, cheibrodos_ashenzari_chains,
          minmay_randomly_rotated_circles, uniq_robin
D:4:      layout_cave_pools, zin_angel, nicolae_ru_great_annihilating_truth,
          serial_shops, shop_statue
D:5:      minmay_razor_zed, layout_rooms, marbit_many_paths,
          minmay_temple_entry_purple_smoke, uniq_duvessa
D:6:      layout_rooms, lightli_temple_of_fire, nicolae_elyvilon_temple_path,
          nicolae_dithmenos_through_a_glass_darkly, hangedman_decor_slide_cut,
          serial_bayou_lake_a

Skill      XL: |  1  2  3  4  5  6  7  8 |
---------------+-------------------------+-----
Stealth        | 1 2 3 5 6 7 |  7.5
Unarmed Combat | 4 5 6 |  6.8
Dodging        | 5 9 10 | 10.0
Evocations     | 3 2 |  3.2
Fighting       | 4 |  4.3

Action                   |  1- 3 |  4- 6 |  7- 9 || total
-------------------------+-------+-------+-------++-------
Melee: Unarmed           |    63 |   158 |   158 ||   379
       Bite              |     9 |     7 |    16 ||    32
       Punch             |     1 |     5 |     4 ||    10
Invok: Berserk           |     1 |     4 |     9 ||    14
       Trog's Hand       |       |     2 |     1 ||     3
  Use: Potion            |       |     1 |       ||     1
       Scroll            |       |       |     1 ||     1
 Stab: Sleeping          |     7 |     4 |     6 ||    17
       Distracted        |       |       |     1 ||     1
       Paralysed         |       |       |     1 ||     1
Armor: Skin              |     2 |    12 |     7 ||    21
Dodge: Dodged            |    33 |   116 |   133 ||   282
